 Dungeon Crawl Stone Soup version 0.25.1-2-g60ff931df9 (webtiles) character file.

Game seed: 44805672751951358

65 Mitsuki the Digger (level 4, 0/24 HPs)
             Began as a Gargoyle Earth Elementalist on Aug 4, 2020.
             Slain by a gnoll
             ... wielding a +0 spear
              (7 damage)
             ... on level 2 of the Dungeon.
             The game lasted 00:04:33 (1232 turns).

Mitsuki the Digger (Gargoyle Earth Elementalist)    Turns: 1232, Time: 00:04:34

Health: 0/24       AC:  5    Str: 11    XL:     4   Next: 14%
Magic:  3/8        EV: 12    Int: 17    God:
Gold:   28         SH:  0    Dex: 10    Spells: 5/9 levels left

rFire    . . .     SeeInvis .   p - +0 whip
rCold    . . .     Gourm    .   (no shield)
rNeg     + . .     Faith    .   c - +0 robe
rPois    ∞         Spirit   .   (no helmet)
rElec    +         Reflect  .   (no cloak)
rCorr    .         Harm     .   (no gloves)
MR       .....                  (no boots)
Stlth    ++........             (no amulet)
HPRegen  0.08/turn              (no ring)
MPRegen  0.11/turn              (no ring)

@: no status effects
A: negative energy resistance 1, electricity resistance, unbreathing,
petrification resistance, rot immunity, AC +3
a: no special abilities


You were on level 2 of the Dungeon.
You were not hungry.

You visited 1 branch of the dungeon, and saw 2 of its levels.

You collected 28 gold pieces.

Inventory:

Hand Weapons
 p - a +0 whip (weapon)
Missiles
 b - 64 stones (quivered)
Armour
 a - a cursed +0 pair of gloves
 c - a +0 robe (worn)
Scrolls
 g - a scroll of fear {unknown}
 j - a scroll of enchant armour {unknown}
 k - a scroll of identify {unknown}
 o - a scroll of immolation {unknown}
Potions
 e - 2 potions of magic {unknown}
 h - 4 potions of curing {unknown}
 i - a potion of flight {unknown}
 l - a potion of might {unknown}
 m - 2 potions of resistance {unknown}
 n - a potion of brilliance {unknown}
 q - a potion of lignification {unknown}
Comestibles
 d - 3 rations
 f - 2 chunks of flesh


   Skills:
 - Level 1.5 Dodging
 - Level 2.1 Stealth
 + Level 3.0 Spellcasting
 + Level 1.3 Conjurations
   Level 0.7 Transmutations
 + Level 4.7 Earth Magic


You had 5 spell levels left.
You knew the following spells:

 Your Spells              Type           Power        Failure   Level  Hunger
a - Sandblast             Erth           ###...       2%          1    None
b - Stone Arrow           Conj/Erth      ##....       16%         3    ###....

Your spell library contained the following spells:

 Spells                   Type           Power        Failure   Level  Hunger
 Passwall                 Tmut/Erth      ##......     9%          2    ##.....
 Petrify                  Tmut/Erth      ##......     50%         4    ####...
 Lee's Rapid Deconstruct  Erth           ###.......   56%         5    ######.


Dungeon Overview and Level Annotations

Branches:
Dungeon (2/15)

Altars:


Innate Abilities, Weirdness & Mutations

You are resistant to torment.
Your stone body is resilient. (AC +3)
You are immune to poison.
You resist negative energy. (rN+)
You are resistant to electric shocks. (rElec)
You can survive without breathing.
You are immune to petrification.
You are immune to rotting.


Message History

b - 65 stones The gnoll hits you but does no damage.
You now have 3/7 mp.
Casting: Sandblast (safe; 2% risk of failure)
Confirm with . or Enter, or press ? or * to list all spells.
Aiming: Sandblast (safe; 2% risk of failure)
Press: ? - help, Shift-Dir - straight line, f/p - gnoll
Aim: a gnoll, wielding a +0 whip (severely wounded)
The blast of sand hits the gnoll.
You kill the gnoll!
Your Spellcasting skill increases to level 3!
You have reached level 4!
You feel clever.
b - 64 stones You now have 2/8 mp.
The frilled lizard hisses.
The frilled lizard bites you but does no damage.
There is a stone staircase leading up here.
The gnoll hits you from afar with a +0 spear!
You die...

#..⌠...###### #.....
#.÷.........###.....
#..########......... .
#######.# #.....##>.<.. ..
##...#...## #.....##..... ..
##..÷......## #.....######.
#. #...........# #.....## #.
#..#...........###..##..###
#.
#...........@l##..####...###.
###.÷..........l...).........
#.#...#.....g#...........#.
...######....##...........#.
#.## ##....#..........>.. ...
###..............#. ..#
#.).##........##. .#.
#......#######).. . #.....##
#.#.


You could see a gnoll and 2 frilled lizards.

Vanquished Creatures
  2 gnolls (D:2)
  An ooze (D:2)
  A dart slug (D:1)
  4 leopard geckos
  2 bats (D:1)
  2 giant cockroaches
  5 goblins
  7 hobgoblins
  A ball python (D:2)
  2 frilled lizards
  6 kobolds (D:1)
  3 rats
36 creatures vanquished.

Notes
Turn   | Place    | Note
-------+----------+-------------------------------------------
     0 | D:1      | Mitsuki the Gargoyle Earth Elementalist began the quest for
                  | the Orb.
     0 | D:1      | Reached XP level 1. HP: 10/10 MP: 3/3
     6 | D:1      | Noticed a lindwurm
     6 | D:1      | Noticed a hog
     7 | D:1      | Noticed a swamp drake
   165 | D:1      | Reached XP level 2. HP: 15/15 MP: 1/5
   173 | D:1      | Reached skill level 4 in Earth Magic
   677 | D:1      | Reached XP level 3. HP: 19/19 MP: 4/6
   682 | D:1      | Learned a level 3 spell: Stone Arrow
  1189 | D:2      | Reached skill level 1 in Conjurations
  1218 | D:2      | Reached XP level 4. HP: 5/24 MP: 2/8
  1232 | D:2      | Slain by a gnoll

Illustrated notes

Levels and vault maps discovered:
D:1:      onia_arrival_zoo_common, layout_rooms, corexii_hall_statues_u,
          kennysheep_small_spiral
D:2:      layout_rooms, hangedman_feature_mirror, minmay_lizard_king

Skill      XL: |  1  2  3 |
---------------+----------+-----
Earth Magic    | 4 |  4.7
Conjurations   | 1 |  1.3
Spellcasting   | 3 |  3.0
Dodging        | |  1.5
Stealth        | |  2.1
Transmutations | |  0.7

Action                   |  1- 3 |  4- 6 || total
-------------------------+-------+-------++-------
Melee: Club              |    14 |       ||    14
       Whip              |     1 |       ||     1
 Cast: Sandblast         |    48 |     1 ||    49
  Eat: Chunk             |     1 |       ||     1
Armor: Robe              |     3 |     1 ||     4
Dodge: Dodged            |    23 |       ||    23
